 Dungeon Crawl Stone Soup version 0.31-a0-1469-gd420192249 (webtiles) character file.

Game seed: 5875392196344591553

56 BigPumpCobain the Ruffian (level 3, -3/33 HPs)
             Began as a Troll Shapeshifter on Dec 29, 2023.
             Slain by a gnoll
             ... wielding a +0 spear
              (4 damage)
             ... on level 3 of the Dungeon.
             The game lasted 00:01:30 (1571 turns).

BigPumpCobain the Ruffian (Troll Shapeshifter)      Turns: 1571, Time: 00:01:31

Health: -3/33      AC:  4    Str: 24    XL:     3   Next: 71%
Magic:  0/2        EV: 10    Int:  6    God:
Gold:   181        SH:  0    Dex: 15    Spells: 2/2 levels left

rFire   . .          .
                       - Unarmed
rCold   . . .        (no shield)
rNeg    . . .        a - +0 animal skin
rPois   .            (helmet currently unavailable)
rElec   .            (cloak currently unavailable)
rCorr   .            (gloves unavailable)
SInv    .            (boots unavailable)
Will    .....        m - amulet of guardian spirit
Stlth   +            i - +6 ring of dexterity
HPRegen 1.05/turn    (no ring)
MPRegen 0.08/turn

%: guardian spirit
@: beast-form
A: beast (slay +1), large, unfitting armour, claws 3, regeneration 1, shaggy fur
1, tough skin 1
a: Begin Untransformation


You were on level 3 of the Dungeon.
You were a hulking beast.
You visited 1 branch of the dungeon, and saw 3 of its levels.

You collected 181 gold pieces.

Inventory:

Armour
 a - a +0 animal skin (worn)
Jewellery
 i - a +6 ring of dexterity (left claw)
 m - an amulet of guardian spirit (around neck)
 p - a ring of magical power
Talismans
 c - a beast talisman
 d - a flux talisman
Scrolls
 e - a scroll of fear {unknown}
 f - a scroll of immolation {unknown}
 j - a scroll of poison {unknown}
 l - a scroll of teleportation {unknown}
 o - a scroll of identify {unknown}
 q - a scroll of fog {unknown}
 r - a scroll of vulnerability {unknown}
Potions
 b - a potion of lignification
 g - a potion of heal wounds {unknown}
 h - a potion of curing {unknown}
 k - a potion of mutation {unknown}
 n - a potion of haste {unknown}


   Skills:
 + Level 1.5 Fighting
 - Level 1.5 Dodging
 * Level 3.9 Unarmed Combat
 + Level 3.4 Shapeshifting


You had 2 spell levels left.
You didn't know any spells.
Your spell library was empty.

Dungeon Overview and Level Annotations

Branches:
Dungeon (3/15)

Altars:

Shops:
D:2 (


Innate Abilities, Weirdness & Mutations

You are a hulking beast.
Your limbs bulge with bestial killing power. (Slay +1)
You are too large for most types of armour.
You have claws for hands.
Your natural rate of healing is unusually fast.
You are covered in fur. (AC +1)
You have tough skin. (AC +1)


Message History

The gnoll hits you from afar with a +0 spear.
The gnoll hits you with a +0 spear.
You are too injured to fight recklessly!
You are too injured to fight recklessly!
You are too injured to fight recklessly!
You are too injured to fight recklessly!
You are too injured to fight recklessly!
You are too injured to fight recklessly!
You are too injured to fight recklessly!
You are too injured to fight recklessly!
You are too injured to fight recklessly!
You are too injured to fight recklessly!
You are too injured to fight recklessly!
You are too injured to fight recklessly!
You are too injured to fight recklessly!
You are too injured to fight recklessly!
You are too injured to fight recklessly!
You are too injured to fight recklessly!
You are too injured to fight recklessly!
You are too injured to fight recklessly!
You are too injured to fight recklessly!
You are too injured to fight recklessly!
You are too injured to fight recklessly!
You are too injured to fight recklessly!
You closely miss the gnoll.
The gnoll is heavily wounded.
The gnoll completely misses you. The gnoll misses you.
You closely miss the gnoll.
The gnoll is heavily wounded.
The gnoll hits you with a +0 spear.
The gnoll hits you from afar with a +0 spear.
The gnoll hits you from afar with a +0 spear!
* * * LOW HITPOINT WARNING * * *
You claw the gnoll!
The gnoll is severely wounded.
The gnoll hits you from afar with a +0 spear.
* * * LOW HITPOINT WARNING * * *
The gnoll hits you but does no damage.
The gnoll hits you from afar with a +0 spear.
You die...

#..## ...#. . ....
###### .. #.# #....###
... #.. #.#.?.# .... #.<
#########..##.## ..... .
#..
#..........?#..###g.>...
...##.
#...............hgg.....
....##
#.........####..g##.....
...... ##.###.####
##......... ...... #†#
#..# #.....# # #.....
#.####... ####....
#..... #......### #####
#....# #.####.(# #.....
#.# #.. ...... #.## #.
.....#


You could see 4 gnolls.

Vanquished Creatures
  2 adders
  A dart slug (D:2)
  5 ball pythons
  2 bats (D:2)
  5 endoplasms
  A giant cockroach (D:2)
  3 goblins
  2 hobgoblins
  4 quokkas
  2 frilled lizards
  2 kobolds
  A rat (D:2)
30 creatures vanquished.

Notes
Turn   | Place    | Note
-------+----------+-------------------------------------------
     0 | D:1      | BigPumpCobain the Troll Shapeshifter began the quest for
                  | the Orb.
     0 | D:1      | Reached XP level 1. HP: 18/18 MP: 0/0
   197 | D:1      | Reached skill level 1 in Fighting
   284 | D:1      | Reached XP level 2. HP: 27/27 MP: 1/1
   852 | D:2      | Found Luogug's Antique Weapon Emporium.
   891 | D:2      | Reached XP level 3. HP: 33/33 MP: 2/2
  1363 | D:3      | Found a faded altar of an unknown god.
  1571 | D:3      | HP: 1/33 [gnoll/+0 spear (4)]
  1571 | D:3      | Slain by a gnoll

Illustrated notes

Levels and vault maps discovered:
D:1:      dpeg_arrival_castle, layout_loops_ring, corexii_leaking_fountain
D:2:      layout_loops_corners, serial_shops, shop_fountains
D:3:      layout_rooms, nicolae_overflow_hallway_of_the_gods,
          nicolae_ecumenical_pavilion

Skill      XL: |  1 |
---------------+----+-----
Fighting       | 1 |  1.5
Dodging        | |  1.5
Unarmed Combat | |  3.9
Shapeshifting  | |  3.4

Action                     || total
---------------------------++-------
  Melee: Unarmed           ||    55
   Stab: Sleeping          ||     2
 Armour: Animal skin       ||    31
  Dodge: Dodged            ||    18

Table legend: (Time is in decaauts)
 A = Elapsed time spent in this place.
 B = Non-inter-level travel time spent in this place.
 C = Inter-level travel time spent in this place.
 D = Time resting spent in this place.
 E = Time spent auto-exploring this place.
 F = Levels seen in this place.
 G = Mean time per level.
                   A        B        C        D        E       F      G
               +--------+--------+--------+--------+--------+-----+--------+
         Total |   1566 |   1517 |     49 |      0 |   1312 |   3 |  522.0 |
       Dungeon |   1566 |   1517 |     49 |      0 |   1312 |   3 |  522.0 |
               +--------+--------+--------+--------+--------+-----+--------+

Top non-repeatable levels by time:
     D:2: 799 daAuts
     D:1: 560 daAuts
     D:3: 207 daAuts
